 Dungeon Crawl Stone Soup version 0.30-a0-760-g5a9884b (webtiles) character file.

Game seed: 1049669631875744695

2314 PublicAnimeNo1 the Cutter (level 9, 0/108 HPs)
             Began as a Demonspawn Artificer on Feb 10, 2023.
             Slain by a killer bee (2 damage)
             ... on level 8 of the Dungeon.
             The game lasted 00:15:01 (6403 turns).

PublicAnimeNo1 the Cutter (Demonspawn Artificer)    Turns: 6403, Time: 00:15:02

Health: 0/108      AC: 24    Str: 12    XL:     9   Next: 18%
Magic:  9/9        EV:  2    Int: 15    God:
Gold:   447        SH:  0    Dex: 16    Spells: 8/8 levels left

rFire   . . .      SeeInvis .    l - +2 dagger (elec)
rCold   . . .      Faith    .    (no shield)
rNeg    . . .      Spirit   .    (body armour currently unavailable)
rPois   +          Reflect  .    (helmet currently unavailable)
rElec   .          Harm     .    (cloak currently unavailable)
rCorr   .          Rampage  .    (gloves currently unavailable)
Will    .....      NoTele   +    (boots currently unavailable)
Stlth   +++                      t - amulet of magic regeneration
HPRegen 0.38/turn                k - ring of poison resistance
MPRegen 0.51/turn                (no ring)

@: mighty, lethally poisoned (0 -> -5), tree-form
A: stationary, stasis, torment immunity, boosted hp, (horns 1), rugged brown
scales 2, powered by pain 1
a: no special abilities


You were on level 8 of the Dungeon.
You were a tree.
You visited 1 branch of the dungeon, and saw 8 of its levels.

You collected 517 gold pieces.
You spent 70 gold pieces at shops.

Inventory:

Hand Weapons
 l - a +2 dagger of electrocution (weapon)
Missiles
 x - a throwing net
Armour
 b - a +1 leather armour (melded)
 c - a +0 pair of boots (melded)
 g - a +0 helmet
 D - a +0 pair of gloves (melded)
 E - a +2 cloak (melded)
Jewellery
 k - a ring of poison resistance (left branch)
 t - an amulet of magic regeneration (around neck)
Wands
 d - a wand of charming (13)
 e - a wand of iceblast (1)
Scrolls
 a - a scroll of enchant armour
 i - 2 scrolls of butterflies
 j - a scroll of amnesia
 z - a scroll of magic mapping
 A - a scroll of brand weapon
Potions
 h - 2 potions of lignification
 m - 2 potions of ambrosia
 n - 3 potions of haste
 p - 2 potions of might
 q - a potion of berserk rage
 r - a potion of brilliance
 s - a potion of curing
 u - a potion of cancellation {unknown}
 v - a potion of mutation {unknown}
 w - a potion of flight {unknown}
 B - a potion of degeneration {unknown}
 C - a potion of magic {unknown}


   Skills:
 + Level 5.6 Fighting
 * Level 6.9 Short Blades
 - Level 1.7 Armour
 + Level 4.6 Dodging
 + Level 5.7 Stealth
 - Level 3.0 Evocations


You had 8 spell levels left.
You didn't know any spells.
Your spell library contained the following spells:

 Spells                   Type           Power      Damage    Failure   Level
 Dazzling Flash           Conj/Hex       0%         N/A       63%         3
 Iskenderun's Mystic Bla  Conj/Tloc      0%         2d3       95%         4
 Agony                    Necr           0%         N/A       100%        5
 Silence                  Hex/Air        0%         N/A       100%        5
 Starburst                Conj/Fire      0%         6d3       100%        6


Dungeon Overview and Level Annotations

Branches:
Dungeon (8/15)             Temple (0/1) D:5            Lair (0/5) D:8

Altars:

Shops:
D:3 *(*!

Annotations:
D:4 3 runed translucent doors, AnyaLaVert's ghost, amateur HOFi
D:6 1 runed translucent door, Crazy Yiuf
D:8 Erica; Prince Ribbit


Innate Abilities, Weirdness & Mutations

You are a tree.
Your roots penetrate the ground, keeping you stationary.
You cannot be teleported.
You are immune to unholy pain and torment.
Your maximum health is greatly increased.
Your equipment is partially melded.
((You have a pair of small horns on your head.))
(You are mostly covered in rugged brown scales. (AC +2, +5% HP))
You sometimes gain a little power by taking damage.


Message History

The lance of force hits you!
* * * LOW HITPOINT WARNING * * *
The gnoll hits you but does no damage. x2; The killer bee barely misses you.
The killer bee stings you but does no damage. x2
You puncture Erica!
Erica is moderately wounded.
The killer bee stings you!
* * * LOW HITPOINT WARNING * * *
The killer bee stings you.
* * * LOW HITPOINT WARNING * * *
You are poisoned.
The killer bee poisons you!
The killer bee stings you but does no damage.
The gnoll hits you but does no damage.
The gnoll sergeant hits you but does no damage.
The gnoll hits you but does no damage.
Erica points at you and mumbles some strange words.
The bolt of poison hits you. You resist.
* * * LOW HITPOINT WARNING * * *
You hit Erica.
Erica is heavily wounded.
You feel sick.
The killer bee stings you but does no damage. x2
The killer bee stings you.
* * * LOW HITPOINT WARNING * * *
You puncture Erica!
Erica is severely wounded.
You feel sick.
The killer bee stings you but does no damage.
The killer bee stings you.
* * * LOW HITPOINT WARNING * * *
The killer bee barely misses you. The gnoll completely misses you.
The gnoll sergeant hits you but does no damage.
The gnoll hits you but does no damage.
Erica hits you with a +3 scimitar of flaming.
* * * LOW HITPOINT WARNING * * *
Erica burns you.
* * * LOW HITPOINT WARNING * * *
The killer bee stings you.
You die...

... .. # .. ##
.# #. .#..# #.
.#.# #F#yy.#
..####y@yg#####
......)♣y......
...###.†g..####
.g.....#
..>....#..#
#..#....##..#
....#.##.# #.#
### ...# .. .#
... #.....#.)
#.. .. ##
#.#.........


You could see Erica, Prince Ribbit, a gnoll sergeant, 5 killer bees and 2
gnolls.

Vanquished Creatures
  4 yaks (D:6)
  Menkaure (D:7)
  A water moccasin (D:8)
  4 ice beasts
  An orc warrior (D:7)
  2 black bears
  A gnoll sergeant (D:5)
  A necrophage (D:7)
  A scorpion (D:7)
  A killer bee (D:8)
  2 howler monkeys
  A jelly (D:7)
  4 hounds
  An orc priest (D:7)
  2 iguanas
  2 orc wizards (D:5)
  5 adders
  17 gnolls
  An ufetubus (D:5)
  2 worms
  3 dart slugs
  10 orcs
  11 endoplasms
  8 goblins
  9 hobgoblins
  6 kobolds
  4 quokkas
  9 ball pythons
  6 bats
  3 frilled lizards
  2 rats (D:1)
125 creatures vanquished.

Notes
Turn   | Place    | Note
-------+----------+-------------------------------------------
     0 | D:1      | PublicAnimeNo1 the Demonspawn Artificer began the quest for
                  | the Orb.
     0 | D:1      | Reached XP level 1. HP: 15/15 MP: 1/1
    11 | D:1      | Reached skill level 1 in Stealth
   178 | D:1      | Gained mutation: You are partially covered in rugged brown
                  | scales. (AC +1, +3% HP) [demonic ancestry]
   178 | D:1      | Reached XP level 2. HP: 4/21 MP: 2/2
   372 | D:1      | Found a faded altar of an unknown god.
   942 | D:2      | Gained mutation: You are mostly covered in rugged brown
                  | scales. (AC +2, +5% HP) [demonic ancestry]
   942 | D:2      | Reached XP level 3. HP: 21/28 MP: 3/3
  1026 | D:2      | Reached skill level 1 in Short Blades
  1640 | D:3      | Found Amokkyeb's General Store.
  1657 | D:3      | Bought a potion of heal wounds for 70 gold pieces
  1756 | D:3      | Found Udofeq's Assorted Antiques.
  1760 | D:3      | Found Jalucs's Antique Weapon Shop.
  1785 | D:3      | Reached XP level 4. HP: 26/35 MP: 4/4
  2238 | D:3      | Found Cigutz's Distillery.
  2443 | D:3      | Reached skill level 2 in Short Blades
  2705 | D:4      | Reached skill level 1 in Dodging
  2984 | D:4      | Found a runed translucent gate.
  2984 | D:4      | Found a runed translucent gate.
  2984 | D:4      | Found a runed translucent gate.
  3361 | D:4      | Reached XP level 5. HP: 42/42 MP: 5/5
  3449 | D:4      | Noticed AnyaLaVert's ghost (amateur HOFi)
  3488 | D:5      | Entered Level 5 of the Dungeon
  3520 | D:5      | Reached skill level 3 in Short Blades
  3528 | D:5      | Gained mutation: You sometimes gain a little power by
                  | taking damage. [demonic ancestry]
  3528 | D:5      | Reached XP level 6. HP: 27/49 MP: 6/6
  3680 | D:5      | Found a staircase to the Ecumenical Temple.
  4526 | D:6      | Noticed an ice beast
  4531 | D:6      | Killed an ice beast
  4532 | D:6      | Reached skill level 4 in Short Blades
  4532 | D:6      | Gained mutation: You have a pair of small horns on your
                  | head. [demonic ancestry]
  4532 | D:6      | Reached XP level 7. HP: 55/55 MP: 7/7
  5040 | D:6      | Found a runed translucent door.
  5041 | D:6      | Noticed Crazy Yiuf
  5174 | D:6      | Noticed a yak
  5176 | D:6      | Noticed a yak
  5177 | D:6      | Noticed a yak
  5177 | D:6      | Noticed a yak
  5187 | D:6      | Killed a yak
  5188 | D:6      | Reached skill level 5 in Short Blades
  5193 | D:6      | Killed a yak
  5194 | D:6      | Reached XP level 8. HP: 50/64 MP: 8/8
  5530 | D:7      | Reached skill level 5 in Fighting
  5530 | D:7      | Reached skill level 6 in Short Blades
  5530 | D:7      | Reached skill level 5 in Stealth
  5599 | D:7      | Noticed Menkaure
  5611 | D:7      | Killed Menkaure
  6189 | D:7      | Reached XP level 9. HP: 60/71 MP: 9/9
  6360 | D:8      | Found a staircase to the Lair.
  6360 | D:8      | Noticed a rime drake
  6362 | D:8      | Noticed a polar bear
  6392 | D:8      | Noticed Prince Ribbit
  6393 | D:8      | Noticed Erica
  6403 | D:8      | HP: 4/108 [Erica/+3 scimitar of flaming (4)]
  6403 | D:8      | Slain by a killer bee

Illustrated notes

Levels and vault maps discovered:
D:1:      mrwooster_arrival_statue_3, layout_rooms,
          hellmonk_ecumenical_altar_blasted, minmay_tetromino_l2
D:2:      layout_basic
D:3:      minmay_skewed_foursquare, layout_basic, serial_shops,
          nicolae_shop_hallway_plus, shop, shop, nicolae_square_shop,
          grunt_decor_fettered
D:4:      layout_gridville, gammafunk_ghost_icy
D:5:      layout_basic, minmay_temple_entry_arrows,
          minmay_misc_feat_four_crosses, grunt_decor_clamped,
          dreamdust_gnoll_farm
D:6:      layout_loops_ring, uniq_crazy_yiuf_cottage
D:7:      layout_cave_pools, uniq_menkaure
D:8:      layout_rooms, hellmonk_lair_entry_icy, uniq_grum, uniq_erica,
          uniq_prince_ribbit1, uniq_maurice

Skill      XL: |  1  2  3  4  5  6  7  8 |
---------------+-------------------------+-----
Stealth        | 1 2 3 4 5 |  5.7
Fighting       | 2 3 4 5 |  5.6
Short Blades   | 1 2 3 4 5 6 |  6.9
Dodging        | 1 2 3 4 |  4.6
Armour         | |  1.7
Evocations     | |  3.0

Action                     |  1- 3 |  4- 6 |  7- 9 || total
---------------------------+-------+-------+-------++-------
  Melee: Club              |    35 |       |       ||    35
         Dagger            |   159 |   146 |   154 ||   459
         Punch             |     1 |     2 |     2 ||     5
         Headbutt          |       |       |    34 ||    34
  Evoke: Wand              |    15 |     6 |       ||    21
    Use: Scroll            |    10 |     6 |     5 ||    21
         Potion            |       |     3 |     6 ||     9
   Stab: Sleeping          |     2 |     9 |     3 ||    14
 Armour: Leather armour    |    82 |    59 |    56 ||   197
         Skin              |       |       |    61 ||    61
  Dodge: Dodged            |   118 |    87 |   108 ||   313

Table legend: (Time is in decaauts)
 A = Elapsed time spent in this place.
 B = Non-inter-level travel time spent in this place.
 C = Inter-level travel time spent in this place.
 D = Time resting spent in this place.
 E = Time spent auto-exploring this place.
 F = Levels seen in this place.
 G = Mean time per level.
                   A        B        C        D        E       F      G
               +--------+--------+--------+--------+--------+-----+--------+
         Total |   6363 |   6130 |    233 |    667 |   4340 |   8 |  795.4 |
       Dungeon |   6363 |   6130 |    233 |    667 |   4340 |   8 |  795.4 |
               +--------+--------+--------+--------+--------+-----+--------+

Top non-repeatable levels by time:
     D:3: 1046 daAuts
     D:6: 974 daAuts
     D:5: 947 daAuts
     D:1: 894 daAuts
     D:4: 867 daAuts
     D:7: 778 daAuts
     D:2: 738 daAuts
     D:8: 114 daAuts
